 Dungeon Crawl Stone Soup version 0.21-a0-630-g344d351 (webtiles) character file.

17914 Charly the Cleaver (level 12, -2/72 HPs)
             Began as a Gargoyle Fighter on Dec 26, 2017.
             Was a Believer of the Shining One.
             Slain by an eight-headed hydra (4 damage)
             ... on level 3 of the Lair of Beasts.
             The game lasted 00:16:03 (10983 turns).

Charly the Cleaver (Gargoyle Fighter)              Turns: 10983, Time: 00:16:03

Health: -2/72      AC: 27    Str: 20    XL:     12   Next: 53%
Magic:  12/12      EV: 14    Int: 10    God:    the Shining One [**....]
Gold:   597        SH:  0    Dex: 18    Spells: 11/11 levels left

rFire    . . .     SeeInvis +   p - +4 battleaxe
rCold    . . .     Gourm    .   (shield currently unavailable)
rNeg     + + .     Faith    .   b - +0 scale mail
rPois    ∞         Spirit   .   c - +2 helmet {SInv}
rElec    +         Reflect  .   v - +2 cloak
rCorr    .         Harm     .   g - +0 pair of gloves
MR       .....     Clarity  +   o - +0 pair of boots (curse)
Stlth    ..........             (no amulet)
HPRegen  0.22/turn              i - +5 ring of dexterity
MPRegen  0.13/turn              F - +2 ring of evasion

@: glowing
A: talons 1, iridescent scales 1, clarity, frail 1, negative energy resistance
1, electricity resistance, unbreathing, petrification resistance, rot immunity,
sturdy frame 1, AC +8
a: Divine Shield, Renounce Religion


You were on level 3 of the Lair of Beasts.
You worshipped the Shining One.
The Shining One was pleased with you.
You were not hungry.

You visited 3 branches of the dungeon, and saw 15 of its levels.

You collected 597 gold pieces.

Inventory:

Hand Weapons
 p - a +4 battleaxe (weapon)
 w - a +1 broad axe
Armour
 b - a +0 scale mail (worn)
 c - a +2 helmet of see invisible (worn)
 g - a +0 pair of gloves (worn)
 o - a cursed +0 pair of boots (worn)
 u - a +0 large shield
 v - a +2 cloak (worn)
Jewellery
 i - a +5 ring of dexterity (left hand)
 F - a +2 ring of evasion (right hand)
Wands
 A - a wand of flame (31)
Scrolls
 e - 2 scrolls of blinking
 l - a scroll of enchant armour
 m - 3 scrolls of teleportation
 q - 2 scrolls of identify
 t - a scroll of magic mapping
 z - a scroll of remove curse
Potions
 a - a potion of brilliance
 d - 3 potions of might
 j - a potion of flight {unknown}
 n - 3 potions of heal wounds
 s - 3 potions of haste
 x - 4 potions of curing
 D - a potion of resistance
Books
 k - a book of Flames

   Spells                             Type                      Level
   a - Flame Tongue                   Conjuration/Fire             1
   b - Throw Flame                    Conjuration/Fire             2
   c - Conjure Flame                  Conjuration/Fire             3
   d - Inner Flame                    Hexes/Fire                   3
   e - Sticky Flame                   Conjuration/Fire             4
   f - Fireball                       Conjuration/Fire             5
Comestibles
 f - 20 rations


   Skills:
 + Level 12.1 Fighting
 * Level 13.7 Axes
 + Level 5.9 Armour
 + Level 3.5 Dodging
 + Level 5.8 Shields


You had 11 spell levels left.
You didn't know any spells.

Dungeon Overview and Level Annotations

Branches:
Dungeon (11/15)            Temple (1/1) D:7            Lair (3/6) D:11
    Orc (0/2) D:10
  Swamp: Lair:2-4    Shoals: Lair:2-4     Snake: Lair:2-4    Spider: Lair:2-4

Altars:
Ashenzari
Dithmenos
Elyvilon
Fedhas
Hepliaklqana
Kikubaaqudgha
Makhleb
Nemelex Xobeh
Okawaru
Ru
Trog
Xom
The Shining One

Annotations:
D:10 Snorg
Lair:1 Ketzopolo's ghost, journeyman TrMo
Lair:3 exclusion: oklob plant


Innate Abilities, Weirdness & Mutations

You are resistant to torment.
Your stone body is resilient. (AC +8)
You are immune to poison.
You resist negative energy. (rN+)
You are resistant to electric shocks. (rElec)
You can survive without breathing.
You are immune to petrification.
You are immune to rotting.
You have sharp toenails.
You are partially covered in iridescent scales. (AC +2)
You possess an exceptional clarity of mind.
You are frail. (-10% HP)
Your movements are slightly less encumbered by armour. (ER -2)


Message History

The eight-headed hydra bites you!
* * * LOW HITPOINT WARNING * * *
The eight-headed hydra bites you but does no damage.
The eight-headed hydra bites you!
* * * LOW HITPOINT WARNING * * *
The eight-headed hydra closely misses you.
The eight-headed hydra bites you but does no damage. x3
The eight-headed hydra misses you.
You continue taking off your +2 helmet of see invisible.
The eight-headed hydra completely misses you.
The eight-headed hydra closely misses you. x2
The eight-headed hydra bites you but does no damage.
The eight-headed hydra barely misses you.
The eight-headed hydra bites you.
* * * LOW HITPOINT WARNING * * *
The eight-headed hydra barely misses you.
The eight-headed hydra bites you but does no damage.
You continue taking off your +2 helmet of see invisible.
The eight-headed hydra bites you.
You die...

##...###### ##.. . ..... #....##
.##..## ..... # ##....# #.#...##
#### .## #...## #......# #####
..P## #.D..#####.....## ###....
....P##.....##.#......# ##......
#..P..#.....# #.......####....)..
# #.........# #........##........
# ##.......####.@......###.......
# #P#.......#..D....>..##.......
######......#..............P.....
..###.................#..........
...#P......###........###..##....
..##......####.......## #.####.P.
###.......###P......## ### ####
##.........##......##
##..)....##.#....###


You could see an eight-headed hydra.

Vanquished Creatures
  A hydra (Lair:1)
  A queen ant (Lair:3)
  3 two-headed ogres (D:10)
  3 death yaks (Lair:3)
  Pikel (D:8)
  An ugly thing (D:10)
  Joseph (D:7)
  A merfolk siren (Lair:3)
  A centaur skeleton (D:10)
  4 spiny frogs (Lair:1)
  A komodo dragon (D:11)
  A troll (D:10)
  A wraith (D:11)
  Sigmund (D:5)
  3 hungry ghosts
  4 yaks (Lair:1)
  3 wyverns
  A vampire (D:11)
  A basilisk (D:11)
  2 steam dragons
  Menkaure (D:4)
  An acid dragon (D:11)
  7 soldier ants
  4 water moccasins
  Duvessa (D:7)
  2 porcupines (Lair:3)
  2 orc warriors (D:10)
  2 ice beasts
  A phantom (D:7)
  5 ogres
  2 wolves (Lair:3)
  2 centaurs
  11 crocodiles
  A big kobold (D:8)
  11 bullfrogs
  Dowan (D:7)
  A scorpion (D:9)
  17 killer bees
  A howler monkey (D:6)
  A vampire bat (D:4)
  5 crimson imps
  2 hounds (D:11)
  2 jellies
  2 orc priests
  2 bullfrog skeletons
  7 orc wizards
  3 iguanas
  36 worker ants
  A hound skeleton (D:10)
  Robin (D:2)
  A howler monkey skeleton (D:7)
  4 gnolls
  10 adders
  2 oozes (D:5)
  An adder zombie (D:7)
  An adder skeleton (D:9)
  3 worms
  2 dart slugs
  4 leopard geckos
  34 orcs
  6 bats
  A bat skeleton (D:4)
  5 bat zombies (D:4)
  4 giant cockroaches
  13 goblins
  7 hobgoblins
  9 jackals
  9 quokkas
  3 ball pythons
  3 frilled lizards
  A giant cockroach zombie (D:5)
  A jackal zombie (D:5)
  2 kobolds
  2 leopard gecko skeletons
  A quokka skeleton (D:5)
  6 rats
  A fungus (Lair:3)
306 creatures vanquished.

Vanquished Creatures (others)
  A fungus (Lair:2)
  A plant (Lair:3)
2 creatures vanquished.

Grand Total: 308 creatures vanquished

Notes
Turn   | Place    | Note
-------+----------+-------------------------------------------
     0 | D:1      | Charly the Gargoyle Fighter began the quest for the Orb.
     0 | D:1      | Reached XP level 1. HP: 14/14 MP: 1/1
   142 | D:1      | Reached skill level 2 in Axes
   242 | D:1      | Reached XP level 2. HP: 1/19 MP: 2/2
   571 | D:1      | Reached XP level 3. HP: 23/24 MP: 3/3
   653 | D:2      | Reached skill level 3 in Axes
   912 | D:2      | Reached XP level 4. HP: 25/29 MP: 4/4
  1119 | D:2      | Noticed Robin
  1130 | D:2      | Killed Robin
  1281 | D:3      | Found a shattered altar of Ashenzari.
  1356 | D:3      | Reached XP level 5. HP: 34/34 MP: 5/5
  1470 | D:3      | Found a blossoming altar of Fedhas.
  1591 | D:3      | Reached skill level 4 in Axes
  1785 | D:4      | Got a dazzling leather armour
  1796 | D:4      | Identified the cursed +0 leather armour of Lucidity {rPois} (You found it on level 4 of the Dungeon)
  1815 | D:4      | Gained mutation: You can translocate small distances at will. [potion of mutation]
  1815 | D:4      | Gained mutation: You are dopey. (Int -2) [potion of mutation]
  1815 | D:4      | Gained mutation: You are partially covered in iridescent scales. (AC +2) [potion of mutation]
  1874 | D:4      | Noticed Menkaure
  1884 | D:4      | Killed Menkaure
  1884 | D:4      | Reached skill level 5 in Fighting
  1884 | D:4      | Reached XP level 6. HP: 23/40 MP: 6/6
  2054 | D:4      | Found an ancient bone altar of Kikubaaqudgha.
  2056 | D:4      | Reached skill level 5 in Axes
  2188 | D:4      | Found a sacrificial altar of Ru.
  2374 | D:4      | Lost mutation: You are dopey. (Int -2) [potion of mutation]
  2374 | D:4      | Lost mutation: You can translocate small distances at will. [potion of mutation]
  2374 | D:4      | Gained mutation: Your movements are slightly less encumbered by armour. (ER -2) [potion of mutation]
  2374 | D:4      | Gained mutation: You are frail. (-10% HP) [potion of mutation]
  2374 | D:4      | Gained mutation: You have sharp toenails. [potion of mutation]
  2374 | D:4      | Gained mutation: You possess an exceptional clarity of mind. [potion of mutation]
  2463 | D:4      | Reached XP level 7. HP: 34/39 MP: 7/7
  2561 | D:5      | Entered Level 5 of the Dungeon
  2569 | D:5      | Noticed Sigmund
  2577 | D:5      | Killed Sigmund
  2577 | D:5      | Reached skill level 6 in Axes
  2950 | D:5      | Found a hazy altar of Hepliaklqana.
  3291 | D:5      | Reached XP level 8. HP: 38/46 MP: 8/8
  3451 | D:5      | Found a sparkling altar of Nemelex Xobeh.
  3462 | D:5      | Reached skill level 7 in Axes
  4056 | D:6      | Reached skill level 8 in Axes
  4626 | D:6      | Found a bloodstained altar of Trog.
  4916 | D:7      | Reached XP level 9. HP: 49/52 MP: 9/9
  4918 | D:7      | Noticed Joseph
  4934 | D:7      | Killed Joseph
  4934 | D:7      | Reached skill level 9 in Axes
  5223 | D:7      | Found a staircase to the Ecumenical Temple.
  5232 | Temple   | Entered the Ecumenical Temple
  5238 | Temple   | Became a worshipper of the Shining One
  5477 | D:7      | Noticed Duvessa
  5477 | D:7      | Noticed Dowan
  5486 | D:7      | Killed Duvessa
  5492 | D:7      | Killed Dowan
  5505 | D:7      | Found an ancient bone altar of Kikubaaqudgha.
  5518 | D:7      | Reached skill level 10 in Axes
  5698 | D:8      | Found a white marble altar of Elyvilon.
  5851 | D:8      | Found a sparkling altar of Nemelex Xobeh.
  6010 | D:8      | Noticed Pikel
  6015 | D:8      | Killed Pikel
  6015 | D:8      | Reached XP level 10. HP: 59/59 MP: 10/10
  6382 | D:9      | Found a shadowy altar of Dithmenos.
  6431 | D:9      | Reached * piety under the Shining One
  6522 | D:9      | Noticed a two-headed ogre
  6525 | D:9      | Noticed a two-headed ogre
  6537 | D:10     | Entered Level 10 of the Dungeon
  6619 | D:10     | Reached skill level 11 in Axes
  6639 | D:10     | Noticed a green ugly thing
  6759 | D:10     | Noticed a two-headed ogre
  6761 | D:10     | Noticed a two-headed ogre
  6765 | D:10     | Killed a two-headed ogre
  6765 | D:10     | Reached skill level 10 in Fighting
  6772 | D:10     | Killed a two-headed ogre
  6964 | D:10     | Found a staircase to the Orcish Mines.
  6990 | D:10     | Reached skill level 12 in Axes
  7114 | D:10     | Killed a green ugly thing
  7114 | D:10     | Reached XP level 11. HP: 52/65 MP: 11/11
  7445 | D:10     | Noticed a two-headed ogre
  7448 | D:10     | Killed a two-headed ogre
  7575 | D:10     | Noticed Snorg
  7891 | D:11     | Reached ** piety under the Shining One
  8458 | D:11     | Found a staircase to the Lair.
  8463 | Lair:1   | Entered Level 1 of the Lair of Beasts
  8463 | Lair:1   | Noticed a four-headed hydra
  8466 | Lair:1   | Killed a four-headed hydra
  8466 | Lair:1   | Reached skill level 1 in Dodging
  8481 | Lair:1   | Noticed Ketzopolo's ghost (journeyman TrMo)
  8497 | Lair:1   | Reached skill level 13 in Axes
  9835 | Lair:2   | Noticed a four-headed hydra
  9904 | Lair:2   | Noticed a seven-headed hydra
  9908 | Lair:2   | Noticed a five-headed hydra
  9957 | Lair:3   | Reached XP level 12. HP: 44/72 MP: 12/12
 10239 | Lair:3   | Reached skill level 5 in Shields
 10239 | Lair:3   | Reached skill level 5 in Armour
 10245 | Lair:3   | Noticed a queen ant
 10259 | Lair:3   | Killed a queen ant
 10492 | Lair:3   | Noticed a death yak
 10493 | Lair:3   | Noticed a death yak
 10494 | Lair:3   | Noticed a death yak
 10538 | Lair:3   | Killed a death yak
 10549 | Lair:3   | Killed a death yak
 10558 | Lair:3   | Killed a death yak
 10832 | Lair:3   | Noticed an eight-headed hydra
 10982 | Lair:3   | HP: 2/72 [eight-headed hydra (6)]
 10983 | Lair:3   | Slain by an eight-headed hydra

Vault maps used:
D:1:      dpeg_cavernosity
D:2:      uniq_robin
D:3:      lemuel_doored_altar, first_ration, evilmike_ruin_ashenzari
D:4:      nicolae_overflow_crystal_walls, kennysheep_vampire_church,
          nrook_mini_backslash, uniq_menkaure
D:5:      lemuel_crystal_altar, grunt_decor_cap, nemelex_dance_club_becter,
          uniq_sigmund
D:6:      lightli_temple_of_fire
D:7:      kennysheep_little_box, temple_fountains, basic_altar,
          small_statue_intersection, uniq_joseph, uniq_duvessa
D:8:      elyvilon_altar_4, lemuel_crystal_altar, blue_anna_alchemist,
          uniq_pikel
D:9:      grunt_dithmenos_smoke
D:10:     david_orc_3, st_stairs_6, serial_park_tiny_1, uniq_snorg
D:11:     erik_lair_dragon, portal_ice_cave_entry_pillars_2
Temple:   chequers_temple_sunken
Lair:1:   grunt_megastairs_1, serial_bayou_shore_a
Lair:2:   elwin_shoals_entry_stream
Lair:3:   zaba_antful_of_joy

Skill      XL: |  1  2  3  4  5  6  7  8  9 10 11 12 |
---------------+-------------------------------------+-----
Axes           | 2 3 4 5 6 8 10 12 13 | 13.7
Fighting       | 4 5 6 7 9 10 11 12 | 12.1
Dodging        | 2 3 |  3.5
Armour         | 4 5 |  5.9
Shields        | 4 5 |  5.8

Action                   |  1- 3 |  4- 6 |  7- 9 | 10-12 || total
-------------------------+-------+-------+-------+-------++-------
Melee: War axe           |   115 |   131 |   169 |       ||   415
       Broad axe         |       |       |   129 |   345 ||   474
       Battleaxe         |       |       |       |    95 ||    95
Throw: Throwing net      |       |     3 |     1 |     1 ||     5
Evoke: Wand              |       |       |     2 |    14 ||    16
  Use: Scroll            |       |     4 |     5 |    13 ||    22
       Potion            |       |     2 |       |       ||     2
  Eat: Chunk             |       |     2 |     8 |     7 ||    17
       Ration            |       |     1 |     2 |     4 ||     7
Armor: Scale mail        |    86 |    89 |   172 |   318 ||   665
Dodge: Dodged            |    56 |    48 |    93 |   249 ||   446
Block: Shield            |    76 |    72 |   142 |   203 ||   493

Table legend:
 A = Spawn XP
 B = Non-spawn XP
 C = Spawn XP percentage of total XP
 D = Spawn monster count
 E = Non-spawn monster count
 F = Spawn count percentage of total count
 G = Total turns spent on level
                    A         B        C        D         E        F      G
               +---------+---------+-------+---------+---------+-------+---------
         Total |       0 |   25592 |   0.0 |       0 |     305 |   0.0 | 10983
               +---------+---------+-------+---------+---------+-------+---------
           D:1 |       0 |      39 |   0.0 |       0 |      15 |   0.0 |   757
           D:2 |       0 |      90 |   0.0 |       0 |      35 |   0.0 |   460
           D:3 |       0 |      56 |   0.0 |       0 |      10 |   0.0 |   483
           D:4 |       0 |     484 |   0.0 |       0 |      18 |   0.0 |   861
           D:5 |       0 |     739 |   0.0 |       0 |      22 |   0.0 |   942
           D:6 |       0 |     822 |   0.0 |       0 |      22 |   0.0 |  1316
           D:7 |       0 |    2034 |   0.0 |       0 |      28 |   0.0 |   813
           D:8 |       0 |     778 |   0.0 |       0 |       4 |   0.0 |   694
           D:9 |       0 |     541 |   0.0 |       0 |      10 |   0.0 |   191
          D:10 |       0 |    5271 |   0.0 |       0 |      39 |   0.0 |  1275
          D:11 |       0 |    2915 |   0.0 |       0 |      35 |   0.0 |  1611
        Lair:1 |       0 |    4457 |   0.0 |       0 |      18 |   0.0 |   474
        Lair:2 |       0 |     109 |   0.0 |       0 |       1 |   0.0 |    69
        Lair:3 |       0 |    7257 |   0.0 |       0 |      48 |   0.0 |  1017
               +---------+---------+-------+---------+---------+-------+---------
